 Dungeon Crawl Stone Soup version 0.22-a0-149-g870e420 (webtiles) character file.

216 KristoblXynda the Slasher (level 5, -2/41 HPs)
             Began as a Draconian Gladiator on Feb 7, 2018.
             Slain by an orc
             ... wielding a +0 dagger
              (4 damage)
             ... on level 3 of the Dungeon.
             The game lasted 00:04:21 (2691 turns).

KristoblXynda the Slasher (Draconian Gladiator)     Turns: 2691, Time: 00:04:22

Health: -2/41      AC:  5    Str: 18 (21) XL:     5   Next: 61%
Magic:  5/5        EV: 13    Int:  7 (9)  God:
Gold:   244        SH:  0    Dex: 10 (13) Spells: 4/4 levels left

rFire    . . .     SeeInvis .   a - +0 long sword
rCold    + . .     Gourm    .   (no shield)
rNeg     . . .     Faith    .   (armour unavailable)
rPois    .         Spirit   .   b - +0 hat
rElec    .         Reflect  .   (no cloak)
rCorr    .         Harm     .   (no gloves)
MR       .....                  (no boots)
Stlth    +.........             (no amulet)
HPRegen  0.13/turn              (no ring)
MPRegen  0.09/turn              (no ring)

@: mighty
A: unfitting armour, hooves 1, horns 1, cold resistance 1, deterioration 1,
cold-blooded, AC +5
a: no special abilities


You were on level 3 of the Dungeon.
You were not hungry.

You visited 1 branch of the dungeon, and saw 4 of its levels.

You collected 244 gold pieces.

Inventory:

Hand Weapons
 a - a +0 long sword (weapon)
Missiles
 c - 3 throwing nets (quivered)
Armour
 b - a +0 hat (worn)
Scrolls
 e - 3 scrolls of remove curse {unknown}
 f - a scroll of immolation {unknown}
 h - 2 scrolls of teleportation {unknown}
 s - a scroll of fog {unknown}
Potions
 j - a potion of lignification
 k - a potion of heal wounds {unknown}
 n - a potion of magic
Books
 l - a book of Changes

   Spells                             Type                      Level
   a - Beastly Appendage              Transmutation                1
   b - Sticks to Snakes               Transmutation                2
   c - Spider Form                    Transmutation/Poison         3
   d - Ice Form                       Ice/Transmutation            4
   e - Blade Hands                    Transmutation                5
 m - a book of Misfortune

   Spells                             Type                      Level
   a - Confusing Touch                Hexes                        1
   b - Confuse                        Hexes                        3
   c - Gell's Gravitas                Translocation                3
   d - Petrify                        Transmutation/Earth          4
   e - Metabolic Englaciation         Hexes/Ice                    5
   f - Yara's Violent Unravelling     Hexes/Transmutation          5
 t - a book of Maledictions

   Spells                             Type                      Level
   a - Corona                         Hexes                        1
   b - Ensorcelled Hibernation        Hexes/Ice                    2
   c - Confuse                        Hexes                        3
   d - Tukima's Dance                 Hexes                        3
   e - Dazzling Spray                 Conjuration/Hexes            3
Comestibles
 d - 3 rations


   Skills:
 - Level 2.1 Fighting
 * Level 5.4 Long Blades
 - Level 2.0 Throwing
 + Level 3.9 Dodging


You had 4 spell levels left.
You didn't know any spells.

Dungeon Overview and Level Annotations

Branches:
Dungeon (4/15)
 Temple: D:4-7

Altars:
Sif Muna

Shops:
D:4 ?


Innate Abilities, Weirdness & Mutations

Your plain brown scales are hard. (AC +5)
You cannot fit into any form of body armour.
You are cold-blooded and may be slowed by cold attacks.
You have large cloven feet.
You have a pair of small horns on your head.
Your flesh is cold resistant. (rC+)
Your body sometimes deteriorates upon taking damage.


Message History

* * * LOW HITPOINT WARNING * * *
The orc hits you but does no damage.
The orc wizard hits you but does no damage.
It was a potion of cancellation.
Your magical effects are unravelling.
You feel magically purged.
You feel less wooden.
Your +0 hat unmelds from your body.
You feel a little less clever now. Something hits you but does no damage.
The orc barely misses you. The orc wizard closely misses you.
Something hits you but does no damage. The orc closely misses you.
The orc wizard gestures wildly while chanting.
The orc wizard flickers and vanishes!
A mysterious force pulls you upwards. The hatch slams shut behind you.
Unknown command.
It was a potion of might.
You feel very mighty all of a sudden. Something hits you but does no damage.
The orc hits you with a dagger.
You die...

#.# #######.# ############
#.......# ...........#
#.#####.# ##########>#
#.#...#># .........#.#
#.#.#.#.#
.#######.#.#####.###.#.#
.#.......#.......o.#.#.#
.#.######......{@#.#.#.#
.#.........#######.#.#.#
.#.........#.....(.(.#.#
.#.........#.#<#...#...####
.#.........#.#.......)....#
.#.###÷##..#>....#.#.####.#
.#.###.....###...#.#.# #.#
.#...÷............^#.# #.#
.#########.#####.###.# #.#


You could see an orc.

Vanquished Creatures
  Jessica (D:2)
  An orc wizard (D:3)
  4 adders
  An ooze (D:3)
  3 worms
  3 dart slugs
  6 leopard geckos
  11 orcs
  14 bats
  3 giant cockroaches
  10 goblins
  7 hobgoblins
  6 jackals
  A ball python (D:3)
  6 frilled lizards
  7 kobolds
  8 rats
92 creatures vanquished.

Notes
Turn   | Place    | Note
-------+----------+-------------------------------------------
     0 | D:1      | KristoblXynda the Draconian Gladiator began the quest for the Orb.
     0 | D:1      | Reached XP level 1. HP: 17/17 MP: 1/1
   328 | D:1      | Reached XP level 2. HP: 24/24 MP: 2/2
   959 | D:1      | Reached XP level 3. HP: 27/29 MP: 3/3
  1121 | D:2      | Reached skill level 4 in Long Blades
  1313 | D:2      | Reached XP level 4. HP: 18/36 MP: 4/4
  1319 | D:2      | Noticed Jessica
  1321 | D:2      | Killed Jessica
  2107 | D:3      | Found a deep blue altar of Sif Muna.
  2132 | D:3      | Reached XP level 5. HP: 37/41 MP: 5/5
  2212 | D:3      | Reached skill level 5 in Long Blades
  2655 | D:4      | Found Deecel's Magic Scroll Boutique.
  2677 | D:4      | Gained mutation: Your body sometimes deteriorates upon taking damage. [potion of mutation]
  2677 | D:4      | Gained mutation: You have large cloven feet. [potion of mutation]
  2677 | D:4      | Gained mutation: You have a pair of small horns on your head. [potion of mutation]
  2677 | D:4      | Gained mutation: Your flesh is cold resistant. (rC+) [potion of mutation]
  2687 | D:4      | HP: 2/61 [something/puff of flame (4)]
  2691 | D:3      | Slain by an orc

Vault maps used:
D:1:      dpeg_cavernosity, serial_forest, infiniplex_forest_end_3,
          infiniplex_forest_clump_diagonal, infiniplex_forest_clump_curved,
          infiniplex_forest_clump_long, infiniplex_forest_straight_4,
          infiniplex_forest_side_room, infiniplex_forest_straight_4,
          infiniplex_forest_straight_2, infiniplex_forest_clump_long,
          serial_park_tiny_2, serial_park_tiny_pond
D:2:      first_ration, uniq_jessica
D:3:      kennysheep_six_static_rooms, nicolae_overflow_crystal_walls
D:4:      serial_shops, kennysheep_mini, nicolae_shop_crystal, shop

Skill      XL: |  1  2  3  4  5 |
---------------+----------------+-----
Throwing       | 2 |  2.0
Dodging        | 3 |  3.9
Long Blades    | 4 5 |  5.4
Fighting       | |  2.1

Action                   |  1- 3 |  4- 6 || total
-------------------------+-------+-------++-------
Melee: Long sword        |   110 |   127 ||   237
       Tailslap          |    11 |    15 ||    26
  Use: Potion            |       |     8 ||     8
 Stab: Sleeping          |     2 |       ||     2
  Eat: Chunk             |     1 |     5 ||     6
Armor: Skin              |    37 |    70 ||   107
Dodge: Dodged            |    83 |   137 ||   220
       Rpst.: Long sword |    18 |    53 ||    71

Table legend:
 A = Spawn XP
 B = Non-spawn XP
 C = Spawn XP percentage of total XP
 D = Spawn monster count
 E = Non-spawn monster count
 F = Spawn count percentage of total count
 G = Total turns spent on level
                    A         B        C        D         E        F      G
               +---------+---------+-------+---------+---------+-------+---------
         Total |       0 |     309 |   0.0 |       0 |      92 |   0.0 |  2691
               +---------+---------+-------+---------+---------+-------+---------
           D:1 |       0 |      44 |   0.0 |       0 |      24 |   0.0 |  1080
           D:2 |       0 |     104 |   0.0 |       0 |      22 |   0.0 |   527
           D:3 |       0 |     155 |   0.0 |       0 |      44 |   0.0 |  1048
           D:4 |       0 |       6 |   0.0 |       0 |       2 |   0.0 |    36
               +---------+---------+-------+---------+---------+-------+---------
